cohdb
Replays
Latest Replays
All Replays
Popular Replays
Top Player Replays
Match Explorer
How It Works
Community
CoH3 Stats
Reddit
Sign in to upload your games and track your stats! →
Sign in with Steam
Match 45613293
Unlisted
Match 45613293
Overview
Messages
Build Orders
End
Scout Squad
Construct Weapon Support Center
Sniper
Bazooka Squad
M1919 Machine Gun Team
Sniper
Construct Medical Station
Scout Squad
M1919 Machine Gun Team
Infantry Support Center
Bazooka Squad
Engineer Squad
Improved M9 Bazooka Rockets
Construct Motor Pool
M1 Anti-tank Gun Team
M24 Chaffee Light Tank
Construct Barracks
Construct Tank Depot
M18 Hellcat Tank Destroyer
Advanced Logistics
Survival Training
M1919 Machine Gun Team
Riflemen Squad
M18 Hellcat Tank Destroyer
M18 Hellcat Tank Destroyer
Sniper
M18 Hellcat Tank Destroyer
M4A1 Sherman Medium Tank
Riflemen Squad
Grenade Package
Sniper
Engineer Squad
M4A1 Sherman Medium Tank
Eviltown103
MillenniumKnight
0
0
Comments
sign in to comment!
No comments posted yet!